 Dungeon Crawl Stone Soup version 0.19-a0-1849-g2383789 (webtiles) character file.

1432 Djon the Basher (level 8, -1/69 HPs)
             Began as a Gargoyle Fighter on Oct 9, 2016.
             Was a Believer of Makhleb.
             Killed by divine providence
             ... invoked by an orc priest
              (10 damage)
             ... on level 6 of the Dungeon.
             The game lasted 00:10:06 (5780 turns).

Djon the Basher (Gargoyle Fighter)                  Turns: 5780, Time: 00:10:07

Health: -1/69      AC: 24    Str: 21    XL:     8   Next: 73%
Magic:  8/8        EV:  2    Int: 10    God:    Makhleb [**....]
Gold:   331        SH: 10    Dex:  9    Spells: 0 memorised, 7 levels left

rFire  . . .     SeeInvis .     p - +1 morningstar
rCold  . . .     Gourm    .     (armour currently unavailable)
rNeg   + + +     Faith    .     c - +1 shield
rPois  ∞         Spirit   .     (helmet currently unavailable)
rElec  .         Dismiss  .     (cloak currently unavailable)
rCorr  .         Reflect  .     (gloves currently unavailable)
MR     .....     Harm     .     (boots currently unavailable)
Stlth  +......... NoTele   +    (no amulet)
                                (no ring)
                                t - ring of wizardry

@: tree-form
A: negative energy resistance 1, (electricity resistance), (unbreathing),
petrification resistance, rot immunity, AC +5
a: Minor Destruction, Renounce Religion


You were on level 6 of the Dungeon.
You worshipped Makhleb.
Makhleb was pleased with you.
You were not hungry.
You were a tree.
You visited 2 branches of the dungeon, and saw 7 of its levels.

You collected 331 gold pieces.

Inventory:

Hand Weapons
 p - a +1 morningstar (weapon)
Missiles
 u - 8 steel tomahawks (quivered)
Armour
 c - a +1 shield (worn)
 g - a +0 chain mail (melded)
Jewellery
 t - a ring of wizardry (left branch)
Wands
 d - a wand of disintegration (1/24)
 k - a wand of acid (7/15)
 y - a wand of digging (13/24)
Scrolls
 b - 2 scrolls of amnesia
 i - a scroll of enchant weapon
 o - 2 scrolls of remove curse
 w - a scroll of fog
Potions
 e - a potion of magic
 j - a potion of flight {unknown}
 l - a potion of haste {unknown}
 r - a potion of lignification
 s - a potion of brilliance {unknown}
 x - 2 potions of cure mutation {unknown}
 z - a potion of cancellation {unknown}
Books
 h - a book of Conjurations

   Spells                             Type                      Level
   a - Magic Dart                     Conjuration                  1
   b - Searing Ray                    Conjuration                  2
   c - Dazzling Spray                 Conjuration/Hexes            3
   d - Fulminant Prism                Conjuration/Hexes            4
   e - Iskenderun's Mystic Blast      Conjuration                  4
   f - Iskenderun's Battlesphere      Conjuration/Charms           5
Comestibles
 a - a meat ration
 f - 5 bread rations
 n - a beef jerky


   Skills:
 - Level 3.2 Fighting
 + Level 10.6 Maces & Flails
 - Level 3.2 Armour
 - Level 3.2 Shields


You had 7 spell levels left.
You didn't know any spells.

Dungeon Overview and Level Annotations

Branches:
Dungeon (6/15)             Temple (1/1) D:4

Altars:
Ashenzari
Cheibriados
Dithmenos
Elyvilon
Fedhas
Gozag
Hepliaklqana
Kikubaaqudgha
Makhleb
Nemelex Xobeh
Okawaru
Qazlal
Ru
Sif Muna
Trog
Uskayaw
Vehumet
Xom
Yredelemnul
Zin
The Shining One


Innate Abilities, Weirdness & Mutations

You are resistant to torment.
((Your stone body is resilient. (AC +5)))
You are immune to poison.
You resist negative energy. (rN+)
((You are resistant to electric shocks. (rElec)))
((You can survive without breathing.))
You are immune to petrification.
You are immune to rotting.


Message History

You block the orc priest's attack.
It was a potion of lignification.
You turn into a tree.
Your +0 chain mail melds into your body.
Your roots penetrate the ground.
You feel strangely stable.
The bullfrog zombie hits you but does no damage.
You block the orc warrior's attack.
The orc priest hits you but does no damage.
The bullfrog zombie hits you but does no damage.
You hit the orc priest.
The orc priest is moderately wounded.
The phantom hits you but does no damage.
You block the orc warrior's attack.
The orc wizard casts a spell.
The orc wizard blinks!
The bullfrog zombie hits you but does no damage.
You hit the orc priest.
The orc priest is heavily wounded.
The orc priest mumbles some strange prayers to Beogh against you.
Beogh smites you!
You die...

.....
#..###........†...
.#..##....##.....######
.../...........##
..#...#....##...#
.......#...###....#
...(##....## #......
...........# ##....##
....###W.##.# ...## ...
#♣oo#.# ...# #Zor.##
go..#.# .....#...
.##.... .## .. ..##.. #
.. ..# ... #. ... ..##


You could see a phantom, an orc warrior, an orc priest, an orc wizard, a gnoll,
an orc, a bullfrog zombie and a quokka.

Vanquished Creatures
  A centaur (D:4)
  5 big kobolds (D:4)
  A water moccasin skeleton (D:6)
  A howler monkey (D:4)
  A crimson imp (D:5)
  5 hounds
  An orc priest (D:4)
  2 jellies (D:5)
  A centaur skeleton (D:4)
  Jessica (D:2)
  2 iguanas (D:4)
  Natasha (thrice) (D:2)
  5 worker ants
  A hound skeleton (D:5)
  A worker ant zombie (D:5)
  A howler monkey skeleton (D:4)
  9 adders
  7 gnolls
  A shadow imp (D:5)
  3 worms (D:2)
  3 dart slugs
  3 leopard geckos
  16 orcs
  2 ball pythons
  10 bats
  4 giant cockroaches
  8 goblins
  8 hobgoblins
  9 jackals
  A quokka (D:4)
  3 frilled lizards
  41 kobolds
  A leopard gecko skeleton (D:6)
  A quokka skeleton (D:5)
  9 rats
171 creatures vanquished.

Notes
Turn   | Place    | Note
-------+----------+-------------------------------------------
     0 | D:1      | Djon the Gargoyle Fighter began the quest for the Orb.
     0 | D:1      | Reached XP level 1. HP: 14/14 MP: 1/1
   142 | D:1      | Reached XP level 2. HP: 19/19 MP: 2/2
   266 | D:1      | Reached skill level 3 in Maces & Flails
   606 | D:1      | Reached XP level 3. HP: 23/23 MP: 3/3
   746 | D:2      | Noticed Natasha
   892 | D:2      | Killed Natasha
   892 | D:2      | Reached skill level 4 in Maces & Flails
   892 | D:2      | Reached XP level 4. HP: 10/28 MP: 4/4
  1500 | D:2      | Noticed Jessica
  1513 | D:2      | Killed Jessica
  1513 | D:2      | Reached skill level 5 in Maces & Flails
  1513 | D:2      | Reached XP level 5. HP: 32/32 MP: 5/5
  1574 | D:2      | Found a shadowy altar of Dithmenos.
  1728 | D:2      | Noticed Natasha
  1731 | D:2      | Killed Natasha
  1798 | D:2      | Noticed Natasha
  1816 | D:2      | Killed Natasha
  2196 | D:3      | Reached skill level 6 in Maces & Flails
  2241 | D:3      | Reached XP level 6. HP: 26/37 MP: 6/6
  2905 | D:4      | Reached skill level 7 in Maces & Flails
  3094 | D:4      | Reached XP level 7. HP: 28/41 MP: 7/7
  3659 | D:4      | Found a staircase to the Ecumenical Temple.
  3665 | Temple   | Entered the Ecumenical Temple
  3861 | Temple   | Became a worshipper of Makhleb the Destroyer
  3977 | D:4      | Reached skill level 8 in Maces & Flails
  4453 | D:4      | Reached skill level 9 in Maces & Flails
  4453 | D:4      | Reached XP level 8. HP: 40/46 MP: 8/8
  4462 | D:4      | Reached * piety under Makhleb
  4781 | D:4      | Found a bloodstained altar of Trog.
  4787 | D:4      | Found a shattered altar of Ashenzari.
  4787 | D:4      | Found a white marble altar of Elyvilon.
  4788 | D:4      | Found an iron altar of Okawaru.
  4789 | D:4      | Found an opulent altar of Gozag.
  4916 | D:5      | Entered Level 5 of the Dungeon
  5142 | D:5      | Reached ** piety under Makhleb
  5142 | D:5      | Reached skill level 10 in Maces & Flails
  5775 | D:6      | HP: 1/46 [bullfrog zombie (3)]
  5780 | D:6      | Killed from afar by an orc priest

Vault maps used:
D:1:      lightli_iron_boxes
D:2:      grunt_dithmenos_smoke_and_mirrors, uniq_jessica, uniq_natasha
D:3:      first_bread
D:4:      minmay_goblin_kobold_castle, minitemple
Temple:   regret_index_temple_generic_petals

Skill      XL: |  1  2  3  4  5  6  7  8 |
---------------+-------------------------+-----
Maces & Flails | 3 4 5 6 7 9 10 | 10.6
Fighting       | |  3.2
Armour         | |  3.2
Shields        | |  3.2

Action                   |  1- 3 |  4- 6 |  7- 9 || total
-------------------------+-------+-------+-------++-------
Melee: Flail             |   113 |    25 |       ||   138
       Morningstar       |       |   224 |   328 ||   552
Throw: Tomahawk          |       |     6 |       ||     6
  Use: Scroll            |       |    11 |     4 ||    15
       Potion            |       |       |     3 ||     3
  Eat: Chunk             |       |     8 |     9 ||    17
Armor: Scale mail        |    66 |   161 |       ||   227
       Chain mail        |       |    55 |   313 ||   368
       Skin              |       |       |     5 ||     5
Dodge: Dodged            |    35 |   110 |   104 ||   249
Block: Shield            |    61 |   183 |   209 ||   453
